 Dungeon Crawl Stone Soup version 0.29.1-1-gd02db6906a (webtiles) character file.

Game seed: 7666714716203237627

6899 mortz the Thaumaturge (level 10, -6/52 HPs)
             Began as a Deep Elf Earth Elementalist on Oct 4, 2022.
             Was a Believer of Vehumet.
             Shot with an arrow by a centaur warrior (19 damage)
             ... on level 10 of the Dungeon.
             The game lasted 00:50:07 (9606 turns).

mortz the Thaumaturge (Deep Elf Earth Elementalist) Turns: 9606, Time: 00:50:07

Health: -6/52      AC: 16    Str:  5    XL:     10   Next: 79%
Magic:  20/29      EV: 13    Int: 25    God:    Vehumet [**....]
Gold:   655        SH:  0    Dex: 15    Spells: 25/35 levels left

rFire   . . .      SeeInvis .   a - staff of conjuration
rCold   . . .      Faith    .   (no shield)
rNeg    . . .      Spirit   .   F - +0 steam dragon scales
rPois   .          Reflect  .   (no helmet)
rElec   .          Harm     .   (no cloak)
rCorr   .          Rampage  .   z - +1 pair of gloves
Will    +....                   Q - +0 pair of boots
Stlth   +++.......              (no amulet)
HPRegen 0.17/turn               h - +4 ring of protection
MPRegen 0.21/turn               p - +4 ring of protection

@: no status effects
A: no striking features
a: Renounce Religion


You were on level 10 of the Dungeon.
You worshipped Vehumet.
Vehumet was pleased with you.
You visited 2 branches of the dungeon, and saw 11 of its levels.

You collected 655 gold pieces.

Inventory:

Hand Weapons
 b - the +8 war axe "Gucepp" {elec, Fly rCorr}
   (You found it on level 2 of the Dungeon)

   It occasionally discharges a powerful burst of electricity upon striking a
   foe.
   Fly:       It grants you flight.
   rCorr:     It protects you from acid and corrosion.
 d - a +0 spectral dagger
 k - a +3 long sword
 v - the +6 long sword of Ubliafy {vorpal, Will- rCorr Int+4}
   (You found it on level 5 of the Dungeon)

   It inflicts extra damage upon your enemies.
   Int:       It affects your intelligence (+4).
   rCorr:     It protects you from acid and corrosion.
   Will:      It decreases your willpower.
 K - a +2 dagger of venom
Missiles
 q - 10 atropa-tipped darts
 u - 13 poisoned darts
 B - 5 curare-tipped darts
 D - 6 datura-tipped darts
Armour
 z - a +1 pair of gloves (worn)
 F - +0 steam dragon scales (worn)
 Q - a +0 pair of boots (worn)
Magical Staves
 a - a staff of conjuration (weapon)
 c - a staff of poison
Jewellery
 h - a +4 ring of protection (left hand)
 m - an amulet of faith
 p - a +4 ring of protection (right hand)
 E - a ring of positive energy
 J - a +4 ring of evasion
 P - an amulet of guardian spirit
Wands
 w - a wand of polymorph (1)
 I - a wand of charming (6)
 L - a wand of roots (16)
 M - a wand of digging (11)
 R - a wand of mindburst (9)
Scrolls
 o - 2 scrolls of fear
 r - 2 scrolls of immolation
 s - 5 scrolls of teleportation
 H - 2 scrolls of magic mapping
Potions
 f - 2 potions of attraction
 i - a potion of heal wounds
 l - 7 potions of curing
 t - 2 potions of resistance
 x - a potion of ambrosia
 A - a potion of brilliance
 C - a potion of lignification {unknown}
 G - a potion of invisibility {unknown}


   Skills:
 + Level 1.4 Fighting
 + Level 1.2 Axes
 + Level 0.1 Staves
 + Level 0.8 Throwing
 + Level 4.2 Dodging
 + Level 5.1 Stealth
 + Level 0.1 Unarmed Combat
 + Level 13.1 Spellcasting
 * Level 8.4 Conjurations
 + Level 1.1 Transmutations
 * Level 10.7 Earth Magic


You had 25 spell levels left.
You knew the following spells:

 Your Spells              Type           Power      Damage    Failure   Level
a - Foxfire               Conj/Fire      100%       2x1d9     1%          1
b - Sandblast             Erth           100%       2d20      1%          1
c - Ignite Poison         Fire/Tmut/Pois 18%        N/A       10%         3
p - Passwall              Tmut/Erth      38%        N/A       1%          2
s - Stone Arrow           Conj/Erth      100%       3d13      1%          3

Your spell library contained the following spells:

 Spells                   Type           Power      Damage    Failure   Level
 Petrify                  Tmut/Erth      46%        N/A       3%          4
 Blink                    Tloc           32%        N/A       5%          2
 Lesser Beckoning         Tloc           16%        N/A       11%         3
 Ozocubu's Armour         Ice            16%        N/A       11%         3
 Summon Guardian Golem    Hex/Summ       16%        N/A       11%         3
 Lightning Bolt           Conj/Air       27%        1d43      17%         5
 Airstrike                Air            8%         2d(2-18)  34%         4
 Summon Lightning Spire   Summ/Air       16%        N/A       34%         4
 Orb of Destruction       Conj           36%        9d11      67%         7
 Manifold Assault         Tloc           16%        N/A       69%         5
 Spellforged Servitor     Conj/Summ      27%        N/A       99%         7
 Ozocubu's Refrigeration  Ice            8%         4d9       100%        7
 Storm Form               Tmut/Air       9%         N/A       100%        7
 Chain Lightning          Conj/Air       27%        3d36      100%        9
 Fire Storm               Conj/Fire      27%        8d7       100%        9
 Shatter                  Erth           31%        3d26*     100%        9


Dungeon Overview and Level Annotations

Branches:
Dungeon (10/15) Zot: 26839  Temple (1/1) D:4 Zot: 5857     Orc (0/2) D:9
   Lair: D:8-11

Altars:
Ashenzari
Cheibriados
Dithmenos
Elyvilon
Fedhas
Gozag
Hepliaklqana
Kikubaaqudgha
Makhleb
Nemelex Xobeh
Okawaru
Qazlal
Sif Muna
Trog
Uskayaw
Vehumet
Wu Jian
Xom
Yredelemnul
Zin
The Shining One

Shops:
D:5 (   D:6 !(*:((   D:10 (

Annotations:
D:7 exclusion: ice statue


Message History

There is a stone staircase leading up here.
An acid dragon comes into view.
Found a stone staircase leading down.
You feel a surge of power!
The stone arrow hits the acid dragon!!
You kill the acid dragon!
Vehumet accepts your kill.
Your Spellcasting skill increases to level 13!
Magic restored.
Found a human corpse.
Found a club.
Found Juev's Weapon Boutique.
There is an entrance to Juev's Weapon Boutique here.
Found a scroll of noise.
A centaur warrior comes into view. 2 vampire mosquitoes come into view.
The centaur warrior shouts!
The vampire mosquito buzzes angrily.
The centaur warrior wields a +0 longbow.
The centaur warrior shoots an arrow.
The arrow hits you.
The centaur warrior shoots an arrow.
The arrow hits you!
You feel a surge of power!
The stone arrow hits the centaur warrior!
The centaur warrior is lightly wounded.
The centaur warrior shoots an arrow.
The arrow hits you!
The centaur warrior shoots an arrow.
The arrow barely misses you.
You hear an angry buzzing noise.
You feel a surge of power!
The stone arrow hits the centaur warrior.
The centaur warrior is moderately wounded.
The centaur warrior shoots an arrow.
The arrow hits you!!
* * * LOW HITPOINT WARNING * * *
You hear an angry buzzing noise.
You are too injured to fight recklessly!
Aiming: Stone Arrow (safe; 1% risk of failure)
Press: ? - help, Q - select action, (/) - cycle Shift-Dir - straight line, f/p - centaur warrior
Aim: a centaur warrior, wielding a +0 longbow (moderately wounded, 84% to hit)
You feel a surge of power!
The stone arrow hits the centaur warrior!!
The centaur warrior is heavily wounded.
The centaur warrior shoots an arrow.
The arrow hits you but does no damage.
The centaur warrior shoots an arrow.
The arrow hits you!!
You die...

.######.###############.
#.# #... #.# #... #.#
###. #.##.. ##. #.##.#
##.. #.##.# .......†
#.##.# ####.... #@##.# #
###.. #.##.# ..# ##>
.#####..#.##..y.. ##
.........c..cy.... #
..######..?##..... #
#....# ..# # #...## #
....# ##..##


You could see a centaur warrior.

Vanquished Creatures
  A two-headed ogre (D:8)
  A manticore (D:9)
  Psyche (D:8)
  A hornet (D:9)
  2 wyverns (D:9)
  10 yaks (D:9)
  2 steam dragons
  3 vampire mosquitoes (D:8)
  An acid dragon (D:10)
  3 water moccasins
  Duvessa (D:6)
  2 orc warriors
  A sky beast (D:7)
  A black bear (D:4)
  An ogre (D:6)
  2 centaurs
  A kobold brigand (D:6)
  3 necrophages
  6 scorpions
  9 wights
  Dowan (D:6)
  A howler monkey (D:8)
  2 centaur zombies (D:4)
  3 jellies
  4 hounds
  5 orc priests
  4 iguanas
  6 orc wizards
  7 gnolls
  3 adders
  A shadow imp (D:6)
  A white imp (D:6)
  2 worms
  A dart slug (D:2)
  26 orcs
  4 ball pythons
  2 bats
  3 endoplasms
  3 giant cockroaches
  6 goblins
  6 hobgoblins
  6 kobolds
  3 quokkas
  2 frilled lizards
  5 rats
159 creatures vanquished.

Notes
Turn   | Place    | Note
-------+----------+-------------------------------------------
     0 | D:1      | mortz the Deep Elf Earth Elementalist began the quest for
                  | the Orb.
     0 | D:1      | Reached XP level 1. HP: 10/10 MP: 6/6
   454 | D:1      | Reached XP level 2. HP: 15/15 MP: 6/8
   457 | D:1      | Learned a level 2 spell: Passwall
   759 | D:1      | You fall into a shaft and drop 1 floor!
   759 | D:2      | Found a faded altar of an unknown god.
   774 | D:2      | Identified the +8 war axe "Gucepp" {elec, Fly rCorr}
  1540 | D:2      | Reached XP level 3. HP: 18/19 MP: 5/9
  2770 | D:4      | Noticed a necrophage
  2814 | D:4      | Noticed a scorpion
  2818 | D:4      | Killed a scorpion
  2819 | D:4      | Reached skill level 4 in Spellcasting
  2819 | D:4      | Reached XP level 4. HP: 24/24 MP: 7/12
  2861 | D:4      | Found a staircase to the Ecumenical Temple.
  2867 | Temple   | Entered the Ecumenical Temple
  2889 | Temple   | Became a worshipper of Vehumet
  3023 | D:4      | Noticed a black bear
  3038 | D:4      | Killed a black bear
  3039 | D:4      | Reached skill level 5 in Spellcasting
  3039 | D:4      | Reached XP level 5. HP: 28/28 MP: 10/15
  3264 | D:4      | Reached skill level 5 in Earth Magic
  3265 | D:4      | Reached skill level 6 in Spellcasting
  3310 | D:4      | Reached XP level 6. HP: 32/32 MP: 17/17
  3601 | D:4      | Found a basalt altar of Yredelemnul.
  3641 | D:5      | Entered Level 5 of the Dungeon
  3675 | D:5      | Found Saoqooj's Antique Weapon Shoppe.
  3709 | D:5      | Reached XP level 7. HP: 36/36 MP: 14/18
  3750 | D:5      | Reached * piety under Vehumet
  3750 | D:5      | Offered knowledge of Shock by Vehumet.
  3755 | D:5      | Learned a level 3 spell: Stone Arrow
  3780 | D:5      | Reached skill level 1 in Conjurations
  3798 | D:5      | Found a white marble altar of Elyvilon.
  3997 | D:5      | Reached skill level 7 in Spellcasting
  4149 | D:5      | Identified the +6 long sword of Ubliafy {vorpal, Will-
                  | rCorr Int+4}
  4665 | D:6      | Reached skill level 8 in Spellcasting
  4665 | D:6      | Reached XP level 8. HP: 41/41 MP: 19/22
  4747 | D:6      | Found Ynafit's Distillery.
  4749 | D:6      | Found Ituedij's Antique Weapon Shop.
  4753 | D:6      | Found Woqiek's Book Emporium.
  4753 | D:6      | Found Hoyst's Antique Weapon Shoppe.
  4755 | D:6      | Found Validd's Weapon Emporium.
  4755 | D:6      | Found Gaxe's Assorted Antiques.
  4820 | D:6      | Reached skill level 1 in Axes
  5069 | D:6      | Reached skill level 1 in Fighting
  5208 | D:6      | Noticed Dowan
  5208 | D:6      | Noticed Duvessa
  5231 | D:6      | Killed Dowan
  5323 | D:6      | Killed Duvessa
  5324 | D:6      | Reached skill level 9 in Spellcasting
  5538 | D:7      | Found a sparkling altar of Nemelex Xobeh.
  5721 | D:7      | Reached ** piety under Vehumet
  5721 | D:7      | Offered knowledge of Foxfire by Vehumet.
  5807 | D:7      | Reached skill level 10 in Spellcasting
  5814 | D:7      | Reached XP level 9. HP: 14/47 MP: 18/25
  6252 | D:7      | Noticed an ice statue
  6773 | D:7      | Learned a level 1 spell: Foxfire
  6852 | D:8      | Reached skill level 11 in Spellcasting
  6852 | D:8      | Reached skill level 5 in Conjurations
  7161 | D:8      | Noticed a two-headed ogre
  7165 | D:8      | Killed a two-headed ogre
  7166 | D:8      | Reached skill level 5 in Stealth
  7254 | D:8      | Noticed Psyche
  7259 | D:8      | Killed Psyche
  7459 | D:8      | Reached XP level 10. HP: 52/52 MP: 20/27
  7986 | D:9      | Found a staircase to the Orcish Mines.
  8048 | D:9      | Reached skill level 12 in Spellcasting
  8370 | D:9      | Reached skill level 10 in Earth Magic
  8371 | D:9      | Offered knowledge of Ignite Poison by Vehumet.
  8385 | D:9      | Learned a level 3 spell: Ignite Poison
  9117 | D:9      | Noticed a manticore
  9139 | D:9      | Killed a manticore
  9447 | D:10     | Entered Level 10 of the Dungeon
  9532 | D:10     | Reached skill level 13 in Spellcasting
  9558 | D:10     | Found Juev's Weapon Boutique.
  9597 | D:10     | Noticed a centaur warrior
  9606 | D:10     | Shot with an arrow by a centaur warrior

Illustrated notes

Levels and vault maps discovered:
D:1:      giann_wishing_wells, layout_basic, minmay_misc_feat_five, st_stairs_6
D:2:      layout_basic, chequers_ecumenical_altar_island
D:3:      layout_basic
D:4:      layout_rooms, lemuel_zombie_altar_yredelemnul,
          minmay_temple_entry_hall
D:5:      nicolae_cairo_tiling, layout_basic, mainiacjoe_overflow_catwalk,
          serial_shops, shop
D:6:      layout_loops_cross, nicolae_wooded_promenade, hex_large, uniq_duvessa
D:7:      lemuel_ice_statue, layout_gridville, overflow_temple_1_default,
          chequers_serial_rivers_micro_a, grunt_decor_cap
D:8:      layout_gridville, uniq_psyche
D:9:      layout_long_grid, david_orc_3, nicolae_benzene_ring,
          kennysheep_doodads, lightli_fourway_metalbox
D:10:     layout_loops_ring, marbit_many_paths, serial_shops,
          nicolae_shop_bloodbath_and_beyond, nicolae_sextant, uniq_nergalle,
          uniq_josephine, uniq_grum
Temple:   regret_index_temple_mists

Skill      XL: |  1  2  3  4  5  6  7  8  9 10 |
---------------+-------------------------------+-----
Stealth        | 3 4 5 |  5.1
Earth Magic    | 4 5 6 7 8 9 10 | 10.7
Spellcasting   | 4 5 6 8 10 11 13 | 13.1
Conjurations   | 2 4 6 8 |  8.4
Axes           | 1 |  1.2
Fighting       | 1 |  1.4
Dodging        | 3 4 |  4.2
Staves         | |  0.1
Throwing       | |  0.8
Unarmed Combat | |  0.1
Transmutations | |  1.1

Action                   |  1- 3 |  4- 6 |  7- 9 | 10-12 || total
-------------------------+-------+-------+-------+-------++-------
Melee: War axe           |     4 |     1 |     6 |     2 ||    13
       Dagger            |     1 |       |       |       ||     1
       Unarmed           |       |     8 |       |       ||     8
       Staff             |       |       |       |     6 ||     6
Throw: Dart              |       |       |     5 |       ||     5
 Cast: Sandblast         |    35 |    41 |    57 |       ||   133
       Stone Arrow       |       |       |    59 |    75 ||   134
  Use: Scroll            |     6 |     2 |     5 |     5 ||    18
       Potion            |       |       |     2 |     2 ||     4
 Stab: Sleeping          |     4 |     1 |     5 |       ||    10
       Confused          |       |     1 |       |       ||     1
Armor: Robe              |     7 |     3 |    12 |       ||    22
       Skin              |       |     2 |       |       ||     2
       Steam dragon scal |       |       |     4 |    23 ||    27
Dodge: Dodged            |     7 |    18 |    20 |    43 ||    88
